 Dungeon Crawl Stone Soup version 0.18-a0-917-g8a3da5b (webtiles) character file.

146 cluie the Firebug (level 5, -2/37 HPs)
             Began as a Demonspawn Fire Elementalist on Dec 26, 2015.
             Slain by a river rat (9 damage)
             ... summoned by Eustachio
             ... on level 4 of the Dungeon.
             The game lasted 00:04:27 (1923 turns).

cluie the Firebug (Demonspawn Fire Elementalist)    Turns: 1923, Time: 00:04:27

Health: -2/37      AC:  5    Str:  9    XL:     5   Next: 7%
Magic:  9/9        EV: 12    Int: 17    God:
Gold:   148        SH:  0    Dex: 13    Spells: 3 memorised, 2 levels left

rFire  . . .     SeeInvis .     u - +0 quarterstaff
rCold  . . .     Gourm    .     a - +0 robe
rNeg   . . .     Faith    .     (shield currently unavailable)
rPois  .         Spirit   .     (helmet restricted)
rElec  .         Dismiss  .     (no cloak)
rCorr  .         Reflect  .     d - +2 pair of gloves
SustAt .         Harm     .     (no boots)
MR     .....                    (no amulet)
Stlth  ++........               (no ring)
                                (no ring)

@: not resistant to hostile enchantments, unstealthy
A: horns 1, demonic guardian 1, powered by death 1
a: no special abilities


You were on level 4 of the Dungeon.
You were not hungry.

You visited 1 branch of the dungeon, and saw 4 of its levels.

You collected 148 gold pieces.

Inventory:

Hand Weapons
 u - a +0 quarterstaff (weapon)
Missiles
 k - 4 javelins (quivered)
Armour
 a - a +0 robe (worn)
 d - a +2 pair of gloves (worn)
Scrolls
 e - a scroll of immolation {unknown}
 g - 3 scrolls of remove curse {unknown}
 n - a scroll of enchant weapon {unknown}
 o - 3 scrolls of teleportation {unknown}
 p - 3 scrolls of identify {unknown}
 s - a scroll of blinking {unknown}
 t - a scroll of enchant armour {unknown}
Potions
 f - a potion of magic {unknown}
 i - a potion of might {unknown}
 j - a potion of mutation {unknown}
 m - a potion of brilliance {unknown}
 q - 3 potions of curing {unknown}
Books
 b - a book of Flames

   Spells                             Type                      Level
   a - Flame Tongue                   Conjuration/Fire             1
   b - Throw Flame                    Conjuration/Fire             2
   c - Conjure Flame                  Conjuration/Fire             3
   d - Inner Flame                    Hexes/Fire                   3
   e - Sticky Flame                   Conjuration/Fire             4
   f - Fireball                       Conjuration/Fire             5
Comestibles
 c - 4 bread rations
 h - 2 fruits
 r - a slice of pizza


   Skills:
 - Level 1.1 Fighting
 - Level 1.7 Dodging
 - Level 1.7 Stealth
 + Level 3.0 Spellcasting
 * Level 3.2 Conjurations
 * Level 3.3 Fire Magic


You had 2 spell levels left.
You knew the following spells:

 Your Spells              Type           Power        Failure   Level  Hunger
a - Flame Tongue          Conj/Fire      ##...        4%          1    None
b - Conjure Flame         Conj/Fire      ##......     14%         3    ###....
c - Sticky Flame          Conj/Fire      ##......     45%         4    ####...


Dungeon Overview and Level Annotations

Branches:
Dungeon (3/15)

Altars:

Annotations:
D:4 Eustachio


Innate Abilities, Weirdness & Mutations

You have a pair of small horns on your head.
A weak demonic guardian rushes to your aid.
You regenerate a little health from kills.


Message History

You hit the river rat.
The river rat is lightly wounded.
The bat hits you but does no damage. The bat closely misses you.
The bat hits you but does no damage. The giant newt closely misses you.
The bat barely misses you. The river rat bites you.
* * * LOW HITPOINT WARNING * * *
Your crimson imp blinks!
Eustachio gestures wildly while chanting.
Eustachio blinks!
The giant newt bites you.
* * * LOW HITPOINT WARNING * * *
The bat hits you.
* * * LOW HITPOINT WARNING * * *
You are too injured to fight recklessly!
You are too injured to fight recklessly!
You are too injured to fight recklessly!
Unknown command.
You are too injured to fight recklessly!
You barely miss the bat. The bat barely misses you. The bat misses you.
The river rat bites you!
You die...

.5....#
....#.#
......
....#
....#.#
.....
##..####l§#
.......@.?#
.....b..rb#
##..###.5.#
#. #...#
#...# .§...
...### #..#


You could see a river rat, 2 bats, a giant newt, a friendly crimson imp and a
friendly ufetubus.

Vanquished Creatures
  An orc priest (D:3)
  3 adders
  An ooze (D:3)
  An adder zombie (D:3)
  2 worms
  2 orcs (D:3)
  3 ball pythons
  9 hobgoblins
  11 kobolds
  6 bats
  5 giant cockroaches
  2 giant geckos
  8 giant newts
  13 goblins
  5 rats
72 creatures vanquished.

Notes
Turn   | Place    | Note
--------------------------------------------------------------
     0 | D:1      | cluie the Demonspawn Fire Elementalist began the quest for the Orb.
     0 | D:1      | Reached XP level 1. HP: 13/13 MP: 3/3
   297 | D:1      | Gained mutation: You regenerate a little health from kills. [demonic ancestry]
   297 | D:1      | Reached XP level 2. HP: 19/19 MP: 3/5
   298 | D:1      | Oh yesss.
   859 | D:2      | Gained mutation: You have a pair of small horns on your head. [demonic ancestry]
   859 | D:2      | Reached XP level 3. HP: 25/25 MP: 2/6
   889 | D:2      | Reached skill level 1 in Fighting
   936 | D:2      | Found a faded altar to an unknown god.
   999 | D:2      | Learned a level 3 spell: Conjure Flame
  1032 | D:2      | Reached skill level 3 in Fire Magic
  1140 | D:2      | Gained mutation: A weak demonic guardian rushes to your aid. [demonic ancestry]
  1140 | D:2      | Reached XP level 4. HP: 32/32 MP: 8/8
  1141 | D:2      | ...
  1141 | D:2      | ......
  1141 | D:2      | SERIOUSLY
  1141 | D:2      | why do i always get guardian with pbd?
  1141 | D:2      | fuck that
  1302 | D:3      | Learned a level 4 spell: Sticky Flame
  1903 | D:3      | Reached XP level 5. HP: 24/37 MP: 9/9
  1909 | D:3      | You fall through a shaft!
  1909 | D:4      | Noticed Eustachio
  1923 | D:4      | Slain by a river rat

Vault maps used:
D:1:      tarquinn_simple_flora_water_f
D:2:      first_bread, ecumenical_altar_1
D:4:      grunt_pakellas_basics, uniq_eustachio, uniq_grinder

Action                   |  1- 3 |  4- 6 || total
-------------------------+-------+-------++-------
Melee: Unarmed           |     6 |       ||     6
       Whip              |    57 |   118 ||   175
       Quarterstaff      |       |    22 ||    22
 Cast: Flame Tongue      |    40 |    12 ||    52
 Stab: Distracted        |     1 |       ||     1
  Eat: Chunk             |     1 |     3 ||     4
